 Dungeon Crawl Stone Soup version 0.28-a0-1567-g1695149f81 (webtiles) character file.

Game seed: 5076086380294069460

8194 lonewolfV2 the Protected (level 11, -8/95 HPs)
             Began as a Minotaur Fighter on Jan 19, 2022.
             Succumbed to a green ugly thing's poison
             ... on level 11 of the Dungeon.
             The game lasted 00:22:47 (9389 turns).

lonewolfV2 the Protected (Minotaur Fighter)         Turns: 9389, Time: 00:22:47

Health: -8/95      AC:  9    Str: 27    XL:     11   Next: 6%
Magic:  10/10      EV: 11    Int:  5    God:
Gold:   547        SH:  0    Dex: 11    Spells: 10/10 levels left

rFire   + . .      SeeInvis .   B - +8 great sword of Fixation {holy, rCorr Str+3}
rCold   . . .      Faith    .   (shield currently unavailable)
rNeg    . . .      Spirit   .   b - +0 scale mail
rPois   .          Reflect  .   (helmet restricted)
rElec   .          Harm     .   (no cloak)
rCorr   +          Rampage  .   (no gloves)
Will    .....                   (no boots)
Stlth   +.........              f - amulet of regeneration
HPRegen 1.05/turn               j - ring of protection from cold
MPRegen 0.12/turn               h - ring of fire

@: lethally poisoned (-8 -> -63)
A: horns 2, retaliatory headbutt
a: no special abilities


You were on level 11 of the Dungeon.
You visited 1 branch of the dungeon, and saw 11 of its levels.

You collected 547 gold pieces.

Inventory:

Hand Weapons
 a - a +0 war axe of flaming
 s - a +5 spectral spear
 B - the +8 great sword of Fixation (weapon) {holy, rCorr Str+3}
   (You found it on level 10 of the Dungeon)

   It has been blessed by the Shining One to cause great damage to the undead
   and demons.
   Str:       It affects your strength (+3).
   rCorr:     It protects you from acid and corrosion.
Armour
 b - a +0 scale mail (worn)
 c - a +1 buckler
Jewellery
 f - an amulet of regeneration (around neck)
 h - a ring of fire (right hand)
 j - a ring of protection from cold (left hand)
 p - a ring of ice
Wands
 d - a wand of digging (2)
 n - a wand of polymorph (6)
 y - a wand of flame (7)
 z - a wand of paralysis (11)
Scrolls
 g - 3 scrolls of magic mapping
 k - a scroll of enchant armour
 v - a scroll of teleportation
 x - 3 scrolls of blinking
 C - a scroll of amnesia {unknown}
Potions
 e - a potion of flight
 i - 5 potions of lignification
 l - 4 potions of curing
 m - a potion of might
 o - a potion of degeneration
 q - a potion of cancellation
 r - 2 potions of magic
 t - a potion of mutation {unknown}
 u - a potion of attraction
 w - a potion of haste
 A - a potion of berserk rage {unknown}


   Skills:
 + Level 8.7 Fighting
 + Level 9.9(11.2) Axes
 + Level 8.6(10.6) Polearms
 + Level 11.1 Armour
 + Level 4.3 Dodging
 + Level 2.3 Stealth
 + Level 7.8 Shields
 + Level 0.2 Unarmed Combat


You had 10 spell levels left.
You didn't know any spells.
Your spell library contained the following spells:

 Spells                   Type           Power      Damage    Failure   Level
 Freeze                   Ice            0%         1d3       71%         1
 Magic Dart               Conj           0%         1d3       71%         1
 Sandblast                Erth           0%         2d4       71%         1
 Passwall                 Tmut/Erth      0%         N/A       83%         2
 Searing Ray              Conj           0%         2d4       83%         2
 Frozen Ramparts          Ice            0%         1d2       97%         3
 Stone Arrow              Conj/Erth      0%         3d7       97%         3
 Fulminant Prism          Conj/Hex       0%         3d6       100%        4
 Hailstorm                Conj/Ice       0%         3d3       100%        4


Dungeon Overview and Level Annotations

Branches:
Dungeon (11/15)            Temple (0/1) D:6            Lair (0/6) D:9
    Orc (0/2) D:10

Altars:
Cheibriados
Fedhas
Gozag
Kikubaaqudgha
Nemelex Xobeh
Trog
Vehumet
Zin

Annotations:
D:10 1 runed translucent door, 12572944's ghost, journeyman MiBe


Innate Abilities, Weirdness & Mutations

You have a pair of horns on your head.
You reflexively headbutt those who attack you in melee.


Message History

Found a plate armour.
Found a stone staircase leading down.
There is a stone staircase leading up here.
The green ugly thing bites you but does no damage.
You slash the green ugly thing! You headbutt the green ugly thing.
The green ugly thing is lightly wounded.
The green ugly thing bites you!
You are poisoned.
The green ugly thing poisons you!
You slice the green ugly thing!!
The green ugly thing is moderately wounded.
You feel extremely sick. The green ugly thing bites you.
You are more poisoned.
The green ugly thing poisons you!
The green ugly thing bites you but does no damage.
You slice the green ugly thing!!
The green ugly thing is severely wounded.
You feel extremely sick.
The green ugly thing bites you but does no damage.
The green ugly thing closely misses you.
You closely miss the green ugly thing.
The green ugly thing is heavily wounded.
You feel extremely sick. The green ugly thing bites you!
You are lethally poisoned!
The green ugly thing poisons you!
You slash the green ugly thing!
Your headbutt misses the green ugly thing.
The green ugly thing is almost dead.
* * * LOW HITPOINT WARNING * * *
You feel extremely sick. The green ugly thing bites you!
* * * LOW HITPOINT WARNING * * *
You are more poisoned.
The green ugly thing poisons you!
The green ugly thing bites you but does no damage.
You slash the green ugly thing!
You headbutt the green ugly thing, but do no damage.
The green ugly thing is almost dead.
You die...

.
##>
#..
#.#
#.#
#.#
#<#
#.#
#@#
#u#
#C#
#[#
#..
###


You could see a green ugly thing and a cyclops.

Vanquished Creatures
  A two-headed ogre (D:8)
  Pikel (D:9)
  An ugly thing (D:9)
  Maurice (D:8)
  An unseen horror (D:9)
  Maggie (D:8)
  A komodo dragon (D:10)
  3 shadows
  Sigmund (D:3)
  A wyvern (D:10)
  A vampire (D:10)
  4 yaks (D:9)
  A water moccasin (D:9)
  2 acid dragons
  5 orc warriors
  3 black bears
  2 ogres
  8 centaurs
  A phantom (D:6)
  3 kobold brigands
  4 lemures (D:9)
  Blork the orc (D:4)
  4 bullfrogs
  A wyvern zombie (D:8)
  2 scorpions
  A water moccasin skeleton (D:5)
  5 wights (D:6)
  A howler monkey (D:10)
  Crazy Yiuf (D:3)
  4 hounds
  A bullfrog skeleton (D:2)
  A centaur zombie (D:8)
  A bullfrog zombie (D:6)
  4 orc priests
  A gnoll shaman (D:7)
  3 jellies
  A centaur skeleton (D:7)
  Jessica (D:3)
  An iguana (D:4)
  Ijyb (D:3)
  Terence (D:3)
  11 orc wizards
  A killer bee zombie (D:9)
  2 howler monkey zombies
  3 gnolls (D:7)
  6 adders
  3 white imps
  2 worms
  2 dart slugs
  35 orcs
  9 ball pythons
  9 bats
  9 endoplasms
  2 giant cockroaches (D:2)
  7 goblins
  7 hobgoblins
  6 jackals
  3 quokkas
  2 frilled lizards (D:1)
  18 kobolds
  3 rats
222 creatures vanquished.

Vanquished Creatures (others)
  6 fungi (D:9)
  7 plants
13 creatures vanquished.

Grand Total: 235 creatures vanquished

Notes
Turn   | Place    | Note
-------+----------+-------------------------------------------
     0 | D:1      | lonewolfV2 the Minotaur Fighter began the quest for the
                  | Orb.
     0 | D:1      | Reached XP level 1. HP: 19/19 MP: 0/0
   523 | D:1      | Reached XP level 2. HP: 21/27 MP: 1/1
   832 | D:1      | Reached skill level 4 in Armour
   978 | D:1      | Found a glowing silver altar of Zin.
  1105 | D:2      | Reached XP level 3. HP: 33/33 MP: 2/2
  1342 | D:2      | Found an opulent altar of Gozag.
  1455 | D:2      | Reached XP level 4. HP: 37/41 MP: 3/3
  1576 | D:2      | Reached skill level 1 in Dodging
  2028 | D:3      | Noticed Sigmund
  2049 | D:3      | Killed Sigmund
  2050 | D:3      | Reached skill level 5 in Axes
  2050 | D:3      | Reached skill level 5 in Armour
  2050 | D:3      | Reached XP level 5. HP: 44/47 MP: 4/4
  2050 | D:3      | Reached XP level 6. HP: 52/55 MP: 5/5
  2138 | D:3      | Found a faded altar of an unknown god.
  2185 | D:3      | Noticed Ijyb
  2225 | D:3      | Killed Ijyb
  2293 | D:3      | Noticed Jessica
  2298 | D:3      | Killed Jessica
  2311 | D:3      | Found a sparkling altar of Nemelex Xobeh.
  2311 | D:3      | Noticed Terence
  2319 | D:3      | Killed Terence
  2320 | D:3      | Reached skill level 5 in Fighting
  2503 | D:3      | Found a runed translucent door.
  2504 | D:3      | Noticed Crazy Yiuf
  2625 | D:3      | Killed Crazy Yiuf
  2712 | D:4      | Reached XP level 7. HP: 37/61 MP: 6/6
  2853 | D:4      | Found a glowing silver altar of Zin.
  2853 | D:4      | Noticed an angel
  3220 | D:4      | Noticed Blork the orc
  3228 | D:4      | Killed Blork the orc
  3229 | D:4      | Reached skill level 6 in Armour
  3397 | D:5      | Entered Level 5 of the Dungeon
  3550 | D:5      | Reached XP level 8. HP: 56/69 MP: 7/7
  3629 | D:5      | Reached skill level 5 in Shields
  3881 | D:6      | Reached skill level 7 in Armour
  4091 | D:6      | Found a staircase to the Ecumenical Temple.
  4553 | D:6      | Reached skill level 1 in Polearms
  4863 | D:7      | Found a bloodstained altar of Trog.
  4905 | D:7      | Reached skill level 8 in Armour
  4905 | D:7      | Reached XP level 9. HP: 75/75 MP: 8/8
  5280 | D:7      | Reached skill level 1 in Stealth
  5292 | D:7      | Found a radiant altar of Vehumet.
  5487 | D:8      | Noticed Maurice
  5496 | D:8      | Killed Maurice
  5676 | D:8      | Noticed Maggie
  5686 | D:8      | Killed Maggie
  5687 | D:8      | Reached skill level 5 in Polearms
  6021 | D:8      | Noticed a two-headed ogre
  6027 | D:8      | HP: 3/79 [two-headed ogre (18)]
  6033 | D:8      | Killed a two-headed ogre
  6034 | D:8      | Reached skill level 9 in Armour
  6340 | D:8      | Reached XP level 10. HP: 83/86 MP: 9/9
  6660 | D:9      | Found a snail-covered altar of Cheibriados.
  6660 | D:9      | Noticed a green ugly thing
  6671 | D:9      | Killed a green ugly thing
  6826 | D:9      | Noticed Pikel
  6852 | D:9      | Killed Pikel
  7027 | D:9      | Found an ancient bone altar of Kikubaaqudgha.
  7103 | D:9      | Found a flagged portal.
  7217 | D:9      | Reached skill level 10 in Armour
  7685 | D:9      | Found a staircase to the Lair.
  7696 | D:9      | Found a blossoming altar of Fedhas.
  8141 | D:10     | Entered Level 10 of the Dungeon
  8331 | D:10     | Reached skill level 11 in Armour
  8331 | D:10     | Reached XP level 11. HP: 60/95 MP: 10/10
  8494 | D:10     | Identified the +8 great sword of Fixation {holy, rCorr
                  | Str+3}
  8836 | D:10     | Found a staircase to the Orcish Mines.
  8893 | D:10     | Found a runed translucent door.
  8893 | D:10     | Noticed 12572944's ghost (journeyman MiBe)
  8896 | D:10     | Identified the +5 trident of Disaster {vamp, rN+ Stlth+}
  9381 | D:11     | Noticed a green ugly thing
  9389 | D:11     | Succumbed to a green ugly thing's poison

Illustrated notes

Levels and vault maps discovered:
D:1:      dpeg_arrival_water_altar, layout_loops_ring, amcnicky_mini_pool_small,
          minmay_tetromino_o4
D:2:      layout_basic, basic_altar, roderic_lattice_a, chequers_arboretum,
          grunt_ministairs_9
D:3:      layout_rooms, nemelex_diamond_rough_becter,
          shapermc_ecumenical_altar_venn, uniq_sigmund, uniq_terence, uniq_ijyb,
          uniq_jessica, uniq_crazy_yiuf_cottage
D:4:      layout_basic, zin_angel, uniq_blork_the_orc
D:5:      layout_gridville
D:6:      layout_loops_corners, minmay_temple_entry_poolview
D:7:      layout_rooms, bloody_trog, old_standard_altar
D:8:      layout_basic, uniq_maggie, uniq_maurice
D:9:      layout_loops_ring, mainiacjoe_overflow_chevrons,
          grunt_lair_entry_orc_guard_hut, enter_bailey_8,
          hangedman_feature_mirror, hangedman_glass_teeth,
          minmay_misc_feat_rows, uniq_pikel
D:10:     layout_stronghold, orc_0_dummy, ebering_ghost_funeral_grove
D:11:     layout_loops_ring, serial_shops, nicolae_shop_behind_doors,
          minmay_splitting_lines

Skill      XL: |  1  2  3  4  5  6  7  8  9 10 |
---------------+-------------------------------+-----
Shields        | 4 5 6 7 |  7.8
Fighting       | 4 5 6 7 8 |  8.7
Armour         | 4 5 6 8 9 11 | 11.1
Axes           | 3 5 6 8 9 |  9.9
Dodging        | 1 2 3 4 |  4.3
Polearms       | 1 6 8 |  8.6
Stealth        | 1 2 |  2.3
Unarmed Combat | |  0.2

Action                   |  1- 3 |  4- 6 |  7- 9 | 10-12 || total
-------------------------+-------+-------+-------+-------++-------
Melee: War axe           |    79 |    72 |    71 |       ||   222
       Headbutt          |     9 |     7 |    30 |    42 ||    88
       Unarmed           |       |    33 |       |       ||    33
       Spear             |       |       |   112 |   151 ||   263
       Great sword       |       |       |       |     7 ||     7
  Use: Scroll            |     5 |       |    12 |     4 ||    21
       Potion            |       |     1 |     2 |     5 ||     8
 Stab: Distracted        |       |       |       |     3 ||     3
Armor: Scale mail        |    55 |    42 |    73 |    30 ||   200
Dodge: Dodged            |    41 |    69 |    92 |    48 ||   250
Block: Buckler           |    28 |    24 |    44 |    32 ||   128

Table legend: (Time is in decaauts)
 A = Elapsed time spent in this place.
 B = Non-inter-level travel time spent in this place.
 C = Inter-level travel time spent in this place.
 D = Time resting spent in this place.
 E = Time spent auto-exploring this place.
 F = Levels seen in this place.
 G = Mean time per level.
                   A        B        C        D        E       F      G
               +--------+--------+--------+--------+--------+-----+--------+
         Total |   9377 |   9134 |    243 |    858 |   6434 |  11 |  852.5 |
       Dungeon |   9377 |   9134 |    243 |    858 |   6434 |  11 |  852.5 |
               +--------+--------+--------+--------+--------+-----+--------+

Top non-repeatable levels by time:
     D:9: 1448 daAuts
     D:8: 1243 daAuts
    D:10: 1226 daAuts
     D:1: 1017 daAuts
     D:6: 1013 daAuts
     D:2: 1001 daAuts
     D:4: 728 daAuts
     D:3: 706 daAuts
     D:7: 528 daAuts
     D:5: 452 daAuts
    D:11: 11 daAuts
